Cogmind - Beta 14 @@@ ROGUE MODE // 2025.04.26 @ 00:58:37 Player: jumpy Result: Destroyed by Y-45 Defender with Heavy Assault Rifle Performance ------------- Evolutions (2) 1000 Regions Visited (3) 600 Robots Destroyed (31) 155 Value Destroyed (753) 753 Prototype IDs (3) 60 Alien Tech Used (0) 0 Bonus (0) 0 TOTAL SCORE: 2568 Bonus ------- None Cogmind --------- Core Integrity 0/550 Matter 300/300 Energy 280/280 System Corruption 0% Temperature Cool (9) Movement Core (1500) Ox29 Location -8/Materials Parts ------- > --- POWER (1) -------- Heavy Ion Engine > --- PROPULSION (4) --- (None) > --- UTILITY (4) ------ Huge Storage Unit Signal Interpreter > --- WEAPON (2) ------- (None) > --- INVENTORY (25) --- (None) Peak State ------------ > --- POWER ------------ Heavy Ion Engine > --- PROPULSION ------- Wheel Armored Wheel > --- UTILITY ---------- Huge Storage Unit Seismic Detector > --- WEAPON ----------- Heavy Assault Rifle Grenade Launcher > --- INVENTORY -------- Heavy Ion Engine Heavy Ion Engine Aluminum Leg Aluminum Leg Signal Interpreter Assault Rifle [Rating: 12] Favorites ----------- Power Heavy Ion Engine Engine Heavy Ion Engine Propulsion Wheel Leg Aluminum Leg Wheel Wheel Utility Seismic Detector Device Seismic Detector Storage Huge Storage Unit Processor Signal Interpreter Weapon Assault Rifle Energy Gun Small Laser Ballistic Gun Assault Rifle Launcher Grenade Launcher Build | -11 -10 -9 -8 ------- Run | Yrd Mat Mat Mat Slots Evolved 4 | . . 2 2 Power . | . . . . Propulsion 2 | . . . 2 Utility 2 | . . 2 . Weapon . | . . . . Parts Attached 36 | 8 9 15 4 Power 6 | 1 1 3 1 Engine 6 | 1 1 3 1 Core . | . . . . Reactor . | . . . . Propulsion 8 | 2 2 4 . Treads . | . . . . Leg 2 | 2 . . . Wheel 6 | . 2 4 . Hover . | . . . . Flight . | . . . . Utility 6 | 2 2 2 . Device 2 | 1 . 1 . Storage 3 | 1 2 . . Processor 1 | . . 1 . Hackware . | . . . . Protection . | . . . . Artifact . | . . . . Weapon 16 | 3 4 6 3 Energy Gun 3 | . . 1 2 Energy Cannon . | . . . . Ballistic Gun 9 | 3 3 3 . Ballistic Cannon . | . . . . Launcher 4 | . 1 2 1 Special Weapon . | . . . . Impact Weapon . | . . . . Slashing Weapon . | . . . . Piercing Weapon . | . . . . Special Melee Weapon . | . . . . Unidentified Prototypes 1 | . . 1 . Parts Lost 13 | . . 7 6 Power 1 | . . . 1 Propulsion 5 | . . 4 1 Utility 2 | . . 1 1 Weapon 5 | . . 2 3 Highest Loss Streak 4 | . . 3 4 To Critical Strikes . | . . . . Average Slot Usage (%) 72 | . 99 71 46 Engine 10 | . 13 11 7 Wheel 17 | . 25 19 4 Device 10 | . 14 9 7 Storage 11 | . 14 11 9 Processor 2 | . . . 9 Energy Gun 2 | . . 1 9 Ballistic Gun 15 | . 26 17 . Peak Build Rating 12 | 7 7 12 10 Average Rating 8 | 5 6 10 7 On Entrance 5 | . 7 7 8 Naked Turns . | . . . . Heaviest Build 95 | 15 91 95 93 Greatest Support 22 | 20 20 22 10 Greatest Overweight (x) 30 | . 4 29 30 Average Overweight (x) 3 | . 2 4 10 Largest Inventory Capacity 25 | 8 25 25 25 Average Capacity 22 | 7 18 25 25 Most Carried 8 | 4 7 8 2 Average Carried 4 | 2 5 5 1 Final Capacity 25 | 8 25 25 25 Final Carried 6 | 4 6 2 . Class Distribution -------------------- 86% | Mutant 13% | Scavenger-Mutant Dominant Class ---------------- Mutant | -10/Materials Mutant | -9/Materials Mutant | -8/Materials Resources | -11 -10 -9 -8 ----------- Run | Yrd Mat Mat Mat Matter Collected 822 | 259 117 359 87 Remotely . | . . . . Salvage Created 1024 | 61 108 580 275 Parts 84 | 7 12 45 20 Haulers Intercepted . | . . . . Recyclers Shooed 1 | . . 1 . Parts Field Recycled . | . . . . Retrieved Matter . | . . . . Parts Self-Destructed . | . . . . Prevented . | . . . . Kills | -11 -10 -9 -8 ------- Run | Yrd Mat Mat Mat Combat Hostiles Destroyed 22 | . 5 13 4 Melee 1 | . . 1 . Guns 13 | . 2 9 2 AOE 7 | . 3 3 1 Classes Destroyed 8 | 1 3 4 . Worker 2 | . . 1 1 Builder 1 | . . 1 . Tunneler 3 | 3 . . . Recycler 2 | . . 1 1 Watcher 1 | . 1 . . Swarmer 7 | . 3 4 . Grunt 10 | . 2 6 2 Sentry 5 | . . 3 2 Best Kill Streak 4 | 3 3 4 3 Combat Bots Only 3 | . 3 3 2 Max Kills in Single Turn 2 | 1 2 2 1 Gunslinging . | . . . . Exploded 2 | . 2 1 1 Melee 1 | . . 1 . Uniques/NPCs Destroyed . | . . . . Combat | -11 -10 -9 -8 -------- Run | Yrd Mat Mat Mat Hostile Shots Fired 191 | . 18 85 88 Missed 57 | . 7 30 20 Damage Taken 1934 | . 128 768 1038 Core 761 | . 19 179 563 Absorbed by Shields . | . . . . Core Remaining (%) 82 | 100 92 55 . Volleys Fired 79 | 6 13 35 25 Largest 2 | 2 2 2 2 Hottest 96 | 40 50 53 96 Shots Fired 127 | 12 26 59 30 Gun 117 | 12 22 54 29 Cannon . | . . . . Launcher 10 | . 4 5 1 Special . | . . . . Kinetic 81 | 12 22 47 . Thermal 36 | . . 7 29 Explosive 10 | . 4 5 1 Electromagnetic . | . . . . Robot Hit Streak 23 | 3 11 23 8 Robot Miss Streak 3 | 2 1 3 2 Penetration Max . | . . . . Secondary Targets . | . . . . Shots Hit Robots 85 | 7 14 44 20 Core Hits 46 | 3 7 26 10 Critical Kills . | . . . . Critical Parts Destroyed . | . . . . Critical Strikes 2 | . . . 2 Burn 2 | . . . 2 Melee Attacks . | . . . . Impact . | . . . . Slashing . | . . . . Piercing . | . . . . Sneak Attacks . | . . . . Combat Hostiles . | . . . . Follow-up Attacks . | . . . . Damage Inflicted 1600 | 85 427 822 266 Guns 1080 | 85 161 589 245 Cannons . | . . . . Explosions 483 | . 266 197 20 Melee . | . . . . Ramming 37 | . . 36 1 Kinetic 770 | 85 161 524 . Thermal 310 | . . 65 245 Explosive 483 | . 266 197 20 Electromagnetic . | . . . . Impact . | . . . . Slashing . | . . . . Piercing . | . . . . Highest Corruption 2 | . . 2 . Average Corruption 2 | . . 2 . Corruption Purged . | . . . . Corruption Blocked . | . . . . Overload Shots . | . . . . Overflow Damage 29 | . . 29 . Projectiles . | . . . . Explosions 29 | . . 29 . Melee . | . . . . Knockbacks 1 | . . 1 . Impact 1 | . . 1 . Kinetic . | . . . . Secondary . | . . . . Self-Inflicted Damage 141 | . 22 95 24 Shots 4 | . 1 2 1 Rammed 6 | . . 5 1 Targets Rammed 6 | . . 5 1 Kicked . | . . . . Crushed . | . . . . Highest Temperature 159 | . . 42 159 Average Temperature 50 | . . 17 65 Received Heat Transfer 768 | . 36 327 405 Siege Activations . | . . . . Robots Corrupted . | . . . . Combat Hostiles . | . . . . Parts Fried . | . . . . Impact Corruptions . | . . . . Robots Melted 1 | . . . 1 Combat Hostiles 1 | . . . 1 Parts Melted 1 | . . . 1 Heat Transferred 905 | . . 150 755 Parts Sabotaged . | . . . . Parts Stolen . | . . . . Parts Stripped . | . . . . Power Chain Reactions . | . . . . Alert | -11 -10 -9 -8 ------- Run | Yrd Mat Mat Mat Peak Influence 291 | 15 191 291 241 Initial 122 | . 9 80 122 Average 156 | 5 86 200 177 Maximum Alert Level 1 | . . 1 1 Low Security (%) 65 | 100 100 41 79 Level 1 34 | . . 58 20 Level 2 . | . . . . Level 3 . | . . . . Level 4 . | . . . . Level 5 . | . . . . High Security . | . . . . Max Security . | . . . . Squads Dispatched 2 | . 1 . 1 Investigation 1 | . 1 . . Extermination . | . . . . Reinforcement 1 | . . . 1 Assault . | . . . . Garrison . | . . . . Intercept . | . . . . Searches Triggered . | . . . . Construction Impeded . | . . . . Haulers Reinforced . | . . . . Active Scanning Responses . | . . . . Cargo Convoy Interrupts . | . . . . Stealth | -11 -10 -9 -8 --------- Run | Yrd Mat Mat Mat Distress Signals 3 | . . 2 1 Communications Jammed . | . . . . Distress Signals . | . . . . Times Spotted 39 | . 7 26 6 Peak Tracking Total 6 | . 3 6 3 Tactical Retreats 5 | . 1 3 1 Traps | -11 -10 -9 -8 ------- Run | Yrd Mat Mat Mat Traps Triggered 2 | . 2 . . Indirectly . | . . . . Trap Hack Attempts . | . . . . Triggered . | . . . . Disarmed . | . . . . Reprogrammed . | . . . . Reused . | . . . . Traps Extracted . | . . . . Installed . | . . . . Triggered . | . . . . Machines | -11 -10 -9 -8 ---------- Run | Yrd Mat Mat Mat Machines Disabled 1 | . 1 . . Max in Single Turn 1 | . 1 . . Machines Repaired . | . . . . Machines Dismantled . | . . . . Machines Sabotaged . | . . . . Overloaded Fab Kills . | . . . . Hacking | -11 -10 -9 -8 --------- Run | Yrd Mat Mat Mat Machines Accessed 1 | . . 1 . Terminals 1 | . . 1 . Fabricators . | . . . . Repair Stations . | . . . . Recycling Units . | . . . . Scanalyzers . | . . . . Garrison Access . | . . . . Total Hacks 1 | . . 1 . Successful 1 | . . 1 . Failed . | . . . . Catastrophic . | . . . . Database Lockouts . | . . . . Manual 1 | . . 1 . Terminals 1 | . . 1 . Fabricators . | . . . . Repair Stations . | . . . . Recycling Units . | . . . . Scanalyzers . | . . . . Garrison Access . | . . . . Terminal Hacks 1 | . . 1 . Prototype ID Bank 1 | . . 1 . Fabricator Hacks . | . . . . Repair Station Hacks . | . . . . Recycling Unit Hacks . | . . . . Scanalyzer . | . . . . Garrison Access Hacks . | . . . . Unauthorized Hacks . | . . . . Terminals . | . . . . Fabricators . | . . . . Repair Stations . | . . . . Recycling Units . | . . . . Scanalyzers . | . . . . Garrison Access . | . . . . Data Cores Recovered . | . . . . Used . | . . . . Hacking Detections . | . . . . Full Trace Events . | . . . . Feedback Events . | . . . . Feedback Blocked . | . . . . Robot Schematics Acquired . | . . . . Robots Built . | . . . . Authchips . | . . . . Time . | . . . . Total Robot Build Rating . | . . . . Part Schematics Acquired . | . . . . Parts Built . | . . . . Authchips . | . . . . Time . | . . . . Total Part Build Rating . | . . . . Parts Repaired . | . . . . Time . | . . . . Parts Recycled . | . . . . Recycled Matter . | . . . . Retrieved Matter . | . . . . Retrieved Components . | . . . . Parts Scanalyzed . | . . . . Part Schematics Acquired . | . . . . Parts Damaged . | . . . . Bothacking | -11 -10 -9 -8 ------------ Run | Yrd Mat Mat Mat Used RIF Installer . | . . . . Robots Hacked . | . . . . Non-combat . | . . . . Combat . | . . . . Robot Hacks Applied . | . . . . Relay Couplers Released . | . . . . Fabnet Peak Effective % . | . . . . Robots Rewired . | . . . . Allies Hacked . | . . . . Hacks Repelled . | . . . . Allies | -11 -10 -9 -8 -------- Run | Yrd Mat Mat Mat Total Allies . | . . . . Largest Group . | . . . . Highest-Rated Group . | . . . . Highest-Rated Ally . | . . . . Total Orders . | . . . . Ally Attacks . | . . . . Total Damage . | . . . . Kills . | . . . . Allies Corrupted . | . . . . Allies Melted . | . . . . Intel | -11 -10 -9 -8 ------- Run | Yrd Mat Mat Mat Robot Analysis Total . | . . . . Derelict Logs Recovered . | . . . . Drone Launches . | . . . . Drone Recoveries . | . . . . Exploration | -11 -10 -9 -8 ------------- Run | Yrd Mat Mat Mat Turns Passed 1349 | 116 268 706 259 Spaces Moved 649 | 67 177 353 52 Core 15 | 8 . 1 6 Treads . | . . . . Legs 70 | 59 11 . . Wheels 564 | . 166 352 46 Hover . | . . . . Flight . | . . . . Fastest Speed 50 | 50 95 140 200 Average Speed 153 | 111 113 152 356 Slowest Speed 1550 | 120 140 1500 1550 Overloaded Moves . | . . . . Propulsion Burnouts . | . . . . Robots Hopped . | . . . . Cave-ins Triggered . | . . . . Exploration Rate (%) 22 | 5 39 37 8 Regions Visited 3 Branch Regions . Pre-discovered Areas . | . . . . Known Exits Taken 1 | . . 1 . Unknown Exits Taken 2 | 1 1 . . Scrap Searched . | . . . . Spaces Dug . | . . . . Terrain Destroyed 40 | . 14 22 4 Melee . | . . . . Projectile . | . . . . AOE 40 | . 14 22 4 Terrain Rammed . | . . . . Walls Destroyed . | . . . . Machines Disabled . | . . . . Actions | -11 -10 -9 -8 --------- Run | Yrd Mat Mat Mat Total 848 | 92 214 459 83 Wait 60 | 6 12 42 . Move 646 | 66 176 352 52 Hop . | . . . . Pick Up 11 | 5 2 4 . Fast Attach 13 | 7 3 2 1 Attach 8 | . . 5 3 Detach 1 | . . . 1 Swap 15 | 1 6 8 . Drop 9 | 1 2 6 . Fire 79 | 6 13 35 25 Melee . | . . . . Ram 6 | . . 5 1 Kick . | . . . . Crush . | . . . . Escape Stasis . | . . . . Rewire . | . . . . Trap . | . . . . Miscellaneous . | . . . . Route ------- -11/Scrapyard -10/Materials -9/Materials (discovered 3 exits: *Mat / [*Min] / [*Sto]) -8/Materials History --------- Turn | Location | Event 4 | -11/Scrapyard | Discovered new exit (range 16) 117 | -11/Scrapyard | Entered Materials 329 | -10/Materials | Build established: Mutant 355 | -10/Materials | Discovered new exit (range 13) 385 | -10/Materials | Entered another Materials area 385 | -9/Materials | Evolved 2 slots: Utility x2 497 | -9/Materials | Discovered new exit (range 13) 657 | -9/Materials | Discovered new exit (range 16) 1049 | -9/Materials | Lost 3 parts (2n1w) 1055 | -9/Materials | Discovered new exit (range 8) 1089 | -9/Materials | Identified exit to Materials 1091 | -9/Materials | Entered another Materials area 1091 | -8/Materials | Evolved 2 slots: Propulsion x2 1293 | -8/Materials | Core integrity fell below 50% 1333 | -8/Materials | Core integrity fell below 20% 1350 | -8/Materials | Destroyed by Y-45 Defender with Heavy Assault Rifle Last Messages --------------- 01307_ K-01 Serf destroyed. 01310_ U-05 Engineer builds a Wall. 01313_ G-47 Trooper suffers critical hit (Burn). 01316_ G-47 Trooper heat spikes uncontrollably. 01316_ G-47 Trooper overheating. 01317_ G-47 Trooper critical meltdown. 01317_ Lgt. Nuclear Core melted. 01318_ U-05 Engineer builds a Door. 01321_ Acquired 24 matter. 01323_ U-05 Engineer builds a Wall. 01326_ U-05 Engineer lays Concrete. 01329_ Beam Rifle destroyed. 01329_ U-05 Engineer lays Concrete. 01335_ U-05 Engineer destroyed. 01336_ U-05 Engineer lays Concrete. 01337_ Slammed into Y-45 Defender. 01338_ Extracted 9 matter. 01338_ U-05 Engineer lays Concrete. 01338_ Critical hit (Burn: +37). 01339_ U-05 Engineer lays Concrete. Map ----- +----------------------------------------------------+ | ?????????????????????????????????????????????????? | | ?????????????????????????????????????????????????? | | ?????????????????????????????????????????????????? | | ?"???????????????????????????????????????????????? | | ?? ?????????##########??????????????????????????? | | ####+######### #??????????????????????????? | | # #??????????????????????????? | | # #??????????????????????????? | | ?? # * #??????????????????????????? | | ?????????# + % #####/#????????????????????? | | ?????????# # !+ =! #????????????????????? | | ?????????# # =#### #????????????????????? | | ?????????# # #??# #????????????????????? | | ?????????# # ##?# #????????????????????? | | ?????????# ########## ## ##???????????????????? | | ?????????# #??? # #######/###+#???????? | | ?????????# #???? + T" ????? | | ?????????# #??""" # " ????? | | ?????????# #???"" # #######+#####???????? | | ?????????# #???? ## ##???????????????????? | | ?????????#####?????=[ ## #????????????????????? | | ???????????????????[ ## ####?????????????????? | | ???????????????????? ##%= +?????????????????? | | ????????????????????? +[[=####?????????????????? | | ????????????????##########/#####?????????????????? | | ????????????????# !%**@Y% #?????????????????? | | ????????????????## u!=!*[ "" #?????????????????? | | ?????????????????# |%! """#?????????????????? | | ?????????????????# " "" ![ R"#?????????????????? | | ?????????????????# "" """#?????????????????? | | ?????????????????# #?????????????????? | | ?????????????????###############?????????????????? | | | | | | | | | | | | | | | | | | | | | | | | | | | | | | | | | | | | | +----------------------------------------------------+ Best States ------------- Heat Dissipation 31 Energy Generation 14 Energy Capacity 280 Matter Stores 300 Matter Capacity 300 Sight Range 16 Terrain Scan Density 10 Evasion (%) 55 Item Schematics ----------------- None Robot Schematics ------------------ None Fabricated ------------ Nothing Alien Tech Used ----------------- None Achievements -------------- None Challenges ------------ None Game ------ Seed CoilSchematicClaymores Manual? 0 Play Time 00:08:47 Cumulative 52.3 hours Start 2025.04.26 @ 00:50:56 End 2025.04.26 @ 00:58:37 Sessions 1 Manual Loads 0 Difficulty Rogue Special Mode None Game No. 155 Rogue 155 Adventurer 0 Explorer 0 Win Type - Total 0 Types 0/0/0/0/0/0/0/0/0 Lore% 14 Gallery% 39 Achievement% 32 Wizard Run 0 Options --------- Layout 0 ASCII 0 Keyboard 0 Movement Numpad Keybinds 0 Fullscreen 2 Font 18/Terminus Map View 76x50 Zoom Use 0% Tactical HUD 1 Map Filters NONE Filters NONE Steam 1 RUN: b6f860eb-c5f3-4ef1-8755-6fcbf83520c6